 Dungeon Crawl Stone Soup version 0.25-a0-425-g0e000e855e (webtiles) character file.

Game seed: 16489556981793598684, levelgen mode: deterministic

32 Kohma the Changer (level 3, 0/31 HPs)
             Began as a Naga Transmuter on Jan 24, 2020.
             Killed from afar by Sigmund (3 damage)
             ... with a puff of flame
             ... on level 2 of the Dungeon.
             The game lasted 00:04:24 (1428 turns).

Kohma the Changer (Naga Transmuter)                 Turns: 1428, Time: 00:04:25

Health: 0/31       AC:  4    Str: 12    XL:     3   Next: 25%
Magic:  3/6        EV: 10    Int: 14    God:
Gold:   57         SH:  0    Dex: 11    Spells: 0/6 levels left

rFire    . . .     SeeInvis +     - Unarmed
rCold    . . .     Gourm    .   (no shield)
rNeg     . . .     Faith    .   b - +0 robe
rPois    +         Spirit   .   k - +1 helmet
rElec    .         Reflect  .   (no cloak)
rCorr    .         Harm     .   (no gloves)
MR       .....                  (no barding)
Stlth    +.........             (no amulet)
HPRegen  0.10/turn              (no ring)
MPRegen  0.10/turn              (no ring)

@: very slightly contaminated, very slow
A: large, see invisible, deformed body, poison resistance, slowness 2, slow
metabolism 1, spit poison 1, AC +1
a: Spit Poison


You were on level 2 of the Dungeon.
You were not hungry.

You visited 1 branch of the dungeon, and saw 2 of its levels.

You collected 57 gold pieces.

Inventory:

Missiles
 a - 10 arrows
Armour
 b - a +0 robe (worn)
 k - a +1 helmet (worn)
Jewellery
 e - an uncursed ring of ice {unknown}
 m - an uncursed amulet of rage {unknown}
Scrolls
 i - 2 scrolls of blinking {unknown}
 j - a scroll of random uselessness {unknown}
 l - 3 scrolls of identify {unknown}
Potions
 c - 2 potions of cancellation {unknown}
 f - a potion of curing {unknown}
 h - a potion of brilliance {unknown}
 n - a potion of resistance {unknown}
Comestibles
 d - 2 rations


   Skills:
 - Level 1.0 Fighting
 - Level 1.5 Dodging
 - Level 3.0 Unarmed Combat
 - Level 2.0 Spellcasting
 + Level 3.5 Transmutations
 + Level 0.2 Poison Magic


You couldn't memorise any spells.
You knew the following spells:

 Your Spells              Type           Power        Failure   Level  Hunger
a - Beastly Appendage     Tmut           ##....       5%          1    ##.....
b - Sticks to Snakes      Tmut           ##......     9%          2    ###....
c - Spider Form           Tmut/Pois      #.........   32%         3    ####...

Your spell library contained the following spells:

 Spells                   Type           Power        Failure   Level  Hunger
 Ice Form                 Ice/Tmut       #.......     75%         4    #####..
 Blade Hands              Tmut           ##........   83%         5    ######.


Dungeon Overview and Level Annotations

Branches:
Dungeon (2/15)

Altars:

Annotations:
D:2 Sigmund


Innate Abilities, Weirdness & Mutations

You cannot wear boots.
Your serpentine skin is tough. (AC +1)
You have supernaturally acute eyesight. (SInv)
Armour fits poorly on your strangely shaped body.
Your system is resistant to poisons. (rPois)
You cover ground very slowly.
You have a slow metabolism.
You can spit poison.


Message History

Confirm with . or Enter, or press ? or * to list all spells.
You miscast Spider Form.
Your skin glows momentarily.
Sigmund barely misses you.
All of the chunks of flesh in your inventory have rotted away.
Sigmund casts a spell at you. The magic dart hits you.
Sigmund closely misses you. Sigmund casts a spell at you.
You are confused.
Sigmund gestures at you while chanting. The puff of flame hits you.
You're too confused to cast spells.
Sigmund hits you from afar with a +0 scythe.
You bump into the rock wall.
You feel less confused.
Sigmund hits you from afar with a +0 scythe!
* * * LOW HITPOINT WARNING * * *
Sigmund casts a spell at you. The puff of flame hits you.
You die...

##.รท#####.# #..#
#.#........ #.##
.#..#####.# #.# ..<## #.#
#.# ...# #.# #.# ...# #.#
#.# ...# #.# #.# #..###
#.# ######## #.#######
#....####.#####.@.@K[#
#........
##............#.####.#
#K####### ###.####.......#
#.# #.# #.####..##.###
#.####.# #.......##.#
#K..K..#
########(###.###########.#
.........# #............)#
.######### ###############


You could see Sigmund and a kobold.

Vanquished Creatures
  An adder (D:2)
  A dart slug (D:1)
  A bat (D:1)
  5 goblins
  A hobgoblin (D:1)
  3 kobolds
  3 frilled lizards
  5 rats
20 creatures vanquished.

Notes
Turn   | Place    | Note
-------+----------+-------------------------------------------
     0 | D:1      | Kohma the Naga Transmuter began the quest for the Orb.
     0 | D:1      | Reached XP level 1. HP: 18/18 MP: 3/3
   486 | D:1      | Reached XP level 2. HP: 23/25 MP: 3/5
   493 | D:1      | Learned a level 2 spell: Sticks to Snakes
  1085 | D:2      | Reached XP level 3. HP: 13/31 MP: 1/6
  1092 | D:2      | Learned a level 3 spell: Spider Form
  1380 | D:2      | Noticed Sigmund
  1428 | D:2      | Killed from afar by Sigmund

Levels and vault maps discovered:
D:1:      lightli_molten_gateway, layout_basic, minmay_misc_feat_room
D:2:      layout_loops_ring, uniq_sigmund

Skill      XL: |  1  2 |
---------------+-------+-----
Transmutations | 3 |  3.5
Fighting       | |  1.0
Dodging        | |  1.5
Unarmed Combat | |  3.0
Spellcasting   | |  2.0
Poison Magic   | |  0.2

Action                   || total
-------------------------++-------
Melee: Unarmed           ||    64
       Headbutt          ||     9
       Punch             ||     2
 Cast: Beastly Appendage ||    11
       Sticks to Snakes  ||     2
  Eat: Chunk             ||     1
Armor: Robe              ||    13
Dodge: Dodged            ||    42

Table legend:
 A = Non-vault XP
 B = Vault XP
 C = Vault XP percentage of total XP
 D = Non-vault monster count
 E = Vault monster count
 F = Vault count percentage of total count
                 A         B        C        D         E       F
            +---------+---------+-------+---------+---------+-------
      Total |      46 |       0 |   0.0 |      20 |       0 |   0.0
            +---------+---------+-------+---------+---------+-------
        D:1 |      25 |       0 |   0.0 |      14 |       0 |   0.0
        D:2 |      21 |       0 |   0.0 |       6 |       0 |   0.0
            +---------+---------+-------+---------+---------+-------
